 Dungeon Crawl Stone Soup version 0.25.1-2-g60ff931df9 (webtiles) character file.

Game seed: 13747844232083774672

405688 pokeman the Archmage (level 22, -35/125 HPs)
             Began as a Deep Elf Wizard on Nov 15, 2020.
             Was the Champion of Vehumet.
             Killed from afar by a deep elf annihilator (73 damage)
             ... with a crystal spear
             ... on level 5 of the Vaults on Nov 16, 2020.
             The game lasted 04:03:18 (59142 turns).

pokeman the Archmage (Deep Elf Wizard)             Turns: 59142, Time: 04:03:19

Health: -35/125    AC: 18    Str: 11    XL:     22   Next: 36%
Magic:  13/64      EV: 20    Int: 40    God:    Vehumet [******]
Gold:   3222       SH: 10    Dex:  8    Spells: 10/75 levels left

rFire    + + .     SeeInvis .   H - +10 war axe of Upheaval {drain, Str+4 Int+3 Dex-5}
rCold    + . .     Gourm    .   G - +0 buckler
rNeg     . . .     Faith    .   B - +0 acid dragon scales
rPois    .         Spirit   .   t - +2 helmet "Wimubauhul" {+Fly rF++ Regen+ Stlth+}
rElec    +         Reflect  +   C - +1 cloak of Starlight {rElec rC+ EV+4 Stlth--}
rCorr    +         Harm     .   M - +1 pair of gloves {Str+3}
MR       ++...                  i - +0 pair of boots of Dedesi {Int+3}
Stlth    +.........             U - amulet of reflection
HPRegen  0.70/turn              W - ring of wizardry
MPRegen  0.39/turn              h - ring of magical power

@: marked, studying Dodging
A: no striking features
}: 2/15 runes: barnacled, gossamer
a: Renounce Religion, Evoke Flight


You were on level 5 of the Vaults.
You worshipped Vehumet.
Vehumet was exalted by your worship.
You were not hungry.

You visited 9 branches of the dungeon, and saw 41 of its levels.
You visited the Abyss 2 times.
You also visited: Bailey and Ice Cave.

You collected 5824 gold pieces.
You spent 2602 gold pieces at shops.

Inventory:

Hand Weapons
 E - a +0 triple crossbow of freezing
 F - the +3 hand axe "Piakhewk" {elec, rN++ Int-3 Dex+2 SInv, unknown}
   (You found it on level 4 of the Vaults)

   Occasionally, upon striking a foe, it will discharge some electrical energy
   and cause terrible harm.
   It affects your intelligence (-3).
   It affects your dexterity (+2).
   It greatly protects you from negative energy.
   It lets you see invisible.
 H - the +10 war axe of Upheaval (weapon) {drain, Str+4 Int+3 Dex-5}
   (You took it off a deep elf knight on level 2 of the Elven Halls)

   A truly terrible weapon, it drains the life of those it strikes.
   It affects your strength (+4).
   It affects your intelligence (+3).
   It affects your dexterity (-5).
Missiles
 J - 879 bolts
Armour
 i - the +0 pair of boots of Dedesi (worn) {Int+3}
   (You acquired it in the Ecumenical Temple)

   It affects your intelligence (+3).
 t - the +2 helmet "Wimubauhul" (worn) {+Fly rF++ Regen+ Stlth+}
   (You found it on level 4 of the Dungeon)

   It greatly protects you from fire.
   It lets you fly.
   It increases your rate of regeneration.
   It makes you more stealthy.
 B - +0 acid dragon scales (worn)
 C - the +1 cloak of Starlight (worn) {rElec rC+ EV+4 Stlth--}
   (You found it on level 14 of the Dungeon)

   It affects your evasion (+4).
   It protects you from cold.
   It insulates you from electricity.
   It makes you much less stealthy.
 D - +0 ice dragon scales
 G - a +0 buckler (worn)
 M - a +1 pair of gloves of strength (worn)
 Q - a +1 kite shield of reflection
Magical Staves
 o - an uncursed staff of poison
Jewellery
 h - a ring of magical power (right hand)
 j - the ring "Tipajage" {rC+ Str+2 SInv}
   (You took it off a deep elf blademaster on level 3 of the Elven Halls)

   [ring of protection from cold]

   It affects your strength (+2).
   It protects you from cold.
   It lets you see invisible.
 U - an amulet of reflection (around neck)
 W - a ring of wizardry (left hand)
 Z - an uncursed ring of poison resistance
Wands
 a - a wand of digging (12)
 x - a wand of polymorph (8)
 N - a wand of acid (7)
Scrolls
 b - 2 scrolls of holy word {unknown}
 g - 20 scrolls of remove curse
 m - a scroll of fear
 n - 13 scrolls of teleportation
 r - a scroll of silence {unknown}
 v - 14 scrolls of identify
 y - 6 scrolls of magic mapping
 L - a scroll of enchant weapon
 O - 5 scrolls of blinking
Potions
 c - 2 potions of stabbing
 e - 14 potions of curing
 f - 6 potions of ambrosia
 q - 9 potions of haste
 s - a potion of lignification
 u - a potion of flight
 w - 3 potions of magic
 z - 2 potions of cancellation
 A - a potion of might
 K - 6 potions of heal wounds
Books
 k - a manual of Dodging
Miscellaneous
 l - a tin of tremorstones (3/3)
 p - a phial of floods
 I - a lightning rod (4/4)
 P - 2 phantom mirrors
 V - 3 boxes of beasts
Comestibles
 d - 64 rations
 R - 3 chunks of flesh


   Skills:
 + Level 9.3 Fighting
 - Level 10.0 Armour
 + Level 13.3 Dodging
 - Level 3.0 Stealth
 - Level 9.0 Shields
 O Level 27 Spellcasting
 * Level 20.9 Conjurations
 - Level 2.0 Charms
 - Level 1.1 Summonings
 - Level 1.1 Translocations
 + Level 19.1 Fire Magic
 - Level 1.0 Ice Magic
 - Level 1.2 Air Magic
 - Level 1.0 Earth Magic
 - Level 1.0 Poison Magic
 - Level 3.0 Evocations


You had 10 spell levels left.
You knew the following spells:

 Your Spells              Type           Power        Failure   Level  Hunger
a - Magic Dart            Conj           ####         0%          1    None
b - Mephitic Cloud        Conj/Pois/Air  #######.     1%          3    None
c - Call Imp              Summ           ######..     1%          2    None
d - Blink                 Tloc           N/A          1%          2    None
e - Conjure Flame         Conj/Fire      ########     0%          3    None
f - Foxfire               Conj/Fire      ####         0%          1    None
g - Fireball              Conj/Fire      ########..   0%          5    None
h - Stone Arrow           Conj/Erth      ######       0%          3    None
i - Starburst             Conj/Fire      ########..   0%          6    None
j - Freezing Cloud        Conj/Ice/Air   #######...   1%          6    None
k - Bolt of Magma         Conj/Fire/Erth ########..   1%          5    None
l - Apportation           Tloc           ######       1%          1    None
m - Swiftness             Chrm/Air       ######..     1%          2    None
n - Lehudib's Crystal Sp  Conj/Erth      #######...   4%          8    None
o - Orb of Destruction    Conj           ########..   1%          7    None
p - Fire Storm            Conj/Fire      ########..   1%          9    None
q - Summon Butterflies    Summ           ######..     1%          1    None

Your spell library contained the following spells:

 Spells                   Type           Power        Failure   Level  Hunger
 Chain Lightning          Conj/Air       #######...   3%          8    None
 Tornado                  Air            ######....   100%        9    None
 Shock                    Conj/Air       ####         0%          1    None
 Searing Ray              Conj           ######       0%          2    None
 Dazzling Flash           Conj/Hex       ######       0%          3    None
 Static Discharge         Conj/Air       #######.     0%          3    None
 Sticky Flame             Conj/Fire      ########     0%          4    None
 Animate Skeleton         Necr           N/A          1%          1    None
 Corona                   Hex            ######.      1%          1    None
 Freeze                   Ice            ####         1%          1    None
 Pain                     Necr           ####         1%          1    None
 Summon Small Mammal      Summ           ####         1%          1    None
 Corpse Rot               Necr/Air       N/A          1%          2    None
 Passwall                 Tmut/Erth      ######..     1%          2    None
 Poisonous Vapours        Pois/Air       ######       1%          2    None
 Shroud of Golubria       Chrm/Tloc      ######       1%          2    None
 Slow                     Hex            ######..     1%          2    None
 Call Canine Familiar     Summ           ######..     1%          3    None
 Gell's Gravitas          Tloc           ######....   1%          3    None
 Inner Flame              Hex/Fire       #######.     1%          3    None
 Lesser Beckoning         Tloc           ######....   1%          3    None
 Portal Projectile        Hex/Tloc       ######       1%          3    None
 Summon Guardian Golem    Hex/Summ       ######..     1%          3    None
 Teleport Other           Tloc           ######..     1%          3    None
 Tukima's Dance           Hex            ######..     1%          3    None
 Vampiric Draining        Necr           ######....   1%          3    None
 Airstrike                Air            ######....   1%          4    None
 Animate Dead             Necr           N/A          1%          4    None
 Cause Fear               Hex            ######....   1%          4    None
 Dispel Undead            Necr           ######..     1%          4    None
 Fulminant Prism          Conj/Hex       #######...   1%          4    None
 Iskenderun's Mystic Bla  Conj/Tloc      #######.     1%          4    None
 Passage of Golubria      Tloc           N/A          1%          4    None
 Summon Ice Beast         Ice/Summ       ######..     1%          4    None
 Summon Lightning Spire   Summ/Air       ######..     1%          4    None
 Irradiate                Conj/Tmut      #######...   1%          5    None
 Iskenderun's Battlesphe  Conj/Chrm      #######.     1%          5    None
 Lee's Rapid Deconstruct  Erth           ######....   1%          5    None
 Lightning Bolt           Conj/Air       #######...   1%          5    None
 Iron Shot                Conj/Erth      #######...   1%          6    None
 Ring of Flames           Chrm/Fire      #######...   1%          7    None
 Spellforged Servitor     Conj/Summ      #######...   1%          7    None
 Summon Forest            Summ/Tloc      ######....   3%          5    None
 Agony                    Necr           ######..     4%          5    None
 Summon Mana Viper        Hex/Summ       ######..     4%          5    None
 Dispersal                Tloc           ######....   16%         6    None
 Eringya's Noxious Bog    Tmut/Pois      ######....   21%         6    None
 Simulacrum               Ice/Necr       ######....   21%         6    None
 Statue Form              Tmut/Erth      ######...    21%         6    None
 Darkness                 Hex            ######....   26%         6    None
 Hydra Form               Tmut           ######....   26%         6    None
 Invisibility             Hex            ######..     26%         6    None
 Malign Gateway           Summ/Tloc      ######....   65%         7    None
 Summon Hydra             Summ           ######....   65%         7    None
 Haunt                    Necr/Summ      ######....   71%         7    None
 Dragon Form              Tmut           ######....   78%         7    None
 Controlled Blink         Tloc           N/A          99%         8    None
 Death's Door             Chrm/Necr      ######....   99%         8    None
 Disjunction              Tloc           ######....   99%         8    None
 Borgnjor's Revivificati  Necr           ######....   100%        8    None
 Infestation              Necr           ######....   100%        8    None
 Necromutation            Tmut/Necr      ######....   100%        8    None
 Absolute Zero            Ice            ######....   100%        9    None
 Dragon's Call            Summ           ######....   100%        9    None


Dungeon Overview and Level Annotations

Branches:
Dungeon (15/15)            Temple (1/1) D:4            Lair (6/6) D:9
 Shoals (4/4) Lair:2       Spider (4/4) Lair:4        Slime (0/5) Lair:5
    Orc (2/2) D:10            Elf (3/3) Orc:2        Vaults (5/5) D:14
  Crypt (0/3) Vaults:2     Depths (1/5) D:15         Bailey (visited)
  IceCv (visited)

Altars:
Ashenzari
Cheibriados
Dithmenos
Elyvilon
Fedhas
Gozag
Hepliaklqana
Kikubaaqudgha
Makhleb
Nemelex Xobeh
Okawaru
Qazlal
Ru
Sif Muna
Trog
Uskayaw
Vehumet
Wu Jian
Xom
Yredelemnul
Zin
The Shining One
Beogh
Jiyva

Shops:
Orc:2 :[*(   Elf:1 [   Elf:2 }   Vaults:1 !:(!   Vaults:2 (}(}   Vaults:3 [
Vaults:4 [

Annotations:
D:6 Scroll behind rock
Vaults:5 Frederick


Message History

A vault warden comes into view.
It is wielding a +2 vorpal broad axe and wearing the ring "Beth" {MP+9 Dex+6}.
Unknown command.
You no longer feel sluggish.
Your surroundings suddenly seem different.
Unknown command.
You start resting.
A deep elf annihilator comes into view. It is wielding a +0 dagger.
Casting: Blink (safe; 1% risk of failure)
Confirm with . or Enter, or press ? or * to list all spells.
Aiming: Mephitic Cloud (safe; 1% risk of failure)
Press: ? - help, Shift-Dir - straight line, f - deep elf annihilator
Aim: a deep elf annihilator, wielding a +0 dagger and wearing a +0 ring mail The ball explodes into a vile cloud!
The stinking cloud engulfs the deep elf annihilator but does no damage.
You hear a shout!
The deep elf annihilator is engulfed in noxious fumes.
The deep elf annihilator casts a spell at you.
The crystal spear hits you!!!!
Ouch! That really hurt!
You die...

#..#..##
#..#...##
#..#....##
#..#.....##
#.........
#.......
#.....#######
#☼§☼.@.......
....§e§.........
....§###########
.... ... ##


You could see a deep elf annihilator.

Vanquished Creatures
  Bai Suzhen (Spider:3)
  A golden dragon (Vaults:5)
  Arachne (Spider:3)
  A lich (Vaults:4)
  Jorgrun (Spider:3)
  A tentacled monstrosity (Vaults:4)
  A kraken (Shoals:3)
  2 deep elf master archers (Elf:3)
  3 deep elf blademasters
  Agnes (Lair:4)
  An eldritch tentacle (Vaults:2)
  Frances (Spider:1)
  Kirke (Shoals:3)
  A storm dragon (Vaults:5)
  Roxanne (Spider:4)
  4 tengu reavers
  2 fire giants
  Ilsuiw (Shoals:3)
  A frost giant (Vaults:5)
  3 deep elf sorcerers
  Aizul (Spider:1)
  An emperor scorpion (Spider:4)
  An orc warlord (Orc:2)
  2 deep elf elementalists
  10 vault wardens
  Louise (Spider:4)
  4 ghost moths
  12 ironheart preservers
  10 stone giants
  The ghost of dreq the Fencer, a journeyman MiBe of Trog (D:15)
  5 very ugly things
  2 entropy weavers
  8 deep elf demonologists
  10 deep elf annihilators
  A minotaur (D:15)
  2 ettins
  3 spark wasps
  6 deep elf death magi
  5 merfolk javelineers
  10 merfolk impalers
  A crystal guardian (Vaults:4)
  Josephine (Spider:1)
  3 deep elf high priests
  3 great orbs of eyes
  3 fire dragons
  10 yaktaur captains
  Fannar (Lair:1)
  Harold (D:8)
  34 vault guards
  The ghost of Morgon the Carver, a journeyman HaAK of Lugonu (Orc:2)
  3 rakshasas
  The ghost of Pamiuf the Slicer, a journeyman KoSu of Ru (Lair:2)
  4 ice dragons
  3 merfolk avatars
  8 hydras
  The ghost of ew1980 the Grappler, a novice TrFi of Okawaru (D:7)
  A catoblepas (D:14)
  A naga warrior (D:15)
  An alligator snapping turtle (Shoals:3)
  3 merfolk aquamancers
  6 centaur warriors
  18 two-headed ogres
  28 dancing weapons
  Erica (D:8)
  A satyr (Shoals:2)
  3 tengu warriors
  2 deep troll shamans
  The ghost of Klatu the Archer, a novice CeHu of Okawaru (D:9)
  A queen ant (shapeshifter) (Vaults:5)
  6 ogre magi
  5 death yaks (Lair:4)
  2 orc high priests (Orc:2)
  8 deep troll earth magi
  26 deep elf knights
  A fire crab (Vaults:2)
  7 skeletal warriors (Vaults:2)
  Nergalle (Lair:3)
  A swamp dragon (Lair:6)
  15 deep trolls
  A flayed ghost (Vaults:4)
  4 unseen horrors
  4 sea snakes
  16 deep elf archers
  3 wizards
  12 ironbrand convokers
  3 starcursed masses (Abyss:2)
  A glowing orange brain (Vaults:1)
  11 orc knights
  A harpy (shapeshifter) (D:15)
  5 lindwurms
  14 orb spiders
  28 harpies
  12 cyclopes
  3 oklob plants (Lair:6)
  32 wolf spiders
  60 deep elf magi
  A necromancer (Vaults:4)
  33 ugly things
  A tengu skeleton (Vaults:4)
  5 orc sorcerers
  35 slime creatures
  A faun (Shoals:3)
  17 manticores
  An elephant (shapeshifter) (Vaults:3)
  Maurice (Orc:1)
  A fire giant skeleton (Vaults:4)
  2 naga magi (Vaults:2)
  11 merfolk sirens
  17 vault sentinels
  A black mamba (shapeshifter) (Vaults:1)
  A guardian serpent (shapeshifter) (Vaults:1)
  2 ice statues (IceCv)
  Joseph (D:8)
  3 black mambas
  Psyche (D:9)
  2 molten gargoyles (Vaults:2)
  A smoke demon (Abyss:2)
  8 spiny frogs
  A rust devil (Abyss:2)
  2 gargoyles (D:13)
  5 water nymphs
  4 torpor snails
  A komodo dragon (shapeshifter) (Elf:3)
  A yaktaur (shapeshifter) (Vaults:3)
  10 komodo dragons
  11 demonic crawlers
  Maggie (D:6)
  4 rime drakes
  6 freezing wraiths
  26 yaktaurs
  2 ancient zymes (Abyss:2)
  A jumping spider (shapeshifter) (Vaults:2)
  25 merfolk
  A troll (shapeshifter) (Elf:2)
  2 wind drakes
  7 trolls
  7 polar bears
  A hornet (shapeshifter) (Vaults:1)
  3 large abominations (Abyss:2)
  8 hornets
  26 jumping spiders
  19 blink frogs
  A blink frog (shapeshifter) (Vaults:2)
  11 raiju (Abyss:2)
  9 dream sheep
  18 hippogriffs
  9 snapping turtles
  A frost giant simulacrum (Vaults:3)
  4 shadows
  2 air elementals
  80 redbacks
  10 wyverns
  A ynoxinul (Abyss:2)
  13 water elementals
  8 wraiths
  2 hogs (Shoals:3)
  49 yaks
  45 tarantellas
  4 fire elementals
  A golden eye (Abyss:2)
  5 humans (D:14)
  14 basilisks
  3 steam dragons
  2 hungry ghosts
  A chaos spawn (Abyss:2)
  2 insubstantial wisps (Vaults:2)
  A soldier ant (shapeshifter) (Elf:2)
  9 wargs
  2 spatial vortices (Vaults:2)
  Duvessa (D:5)
  4 acid dragons
  6 porcupines
  8 water moccasins
  48 orc warriors
  An eye of draining (D:11)
  2 sky beasts
  3 swamp drakes (Lair:6)
  11 ice beasts
  2 phantoms
  3 black bears
  A necrophage (D:14)
  29 ogres
  A human zombie (Vaults:4)
  13 wolves
  9 centaurs
  16 crocodiles
  2 big kobolds
  Blork the orc (D:6)
  14 bullfrogs
  A gnoll sergeant (D:9)
  2 earth elementals (Elf:2)
  A wyvern zombie (D:6)
  Dowan (D:5)
  A human skeleton (Vaults:4)
  7 scorpions
  3 small abominations (Abyss:2)
  4 killer bees (D:9)
  A human simulacrum (Vaults:2)
  16 wights
  6 electric eels
  A howler monkey (D:7)
  2 lava snakes (Vaults:2)
  3 bullfrog zombies
  2 centaur zombies
  4 crimson imps
  15 hounds
  5 jellies
  30 orc wizards
  A quasit (D:5)
  4 centaur skeletons
  An iron imp (Vaults:1)
  19 orc priests
  2 iguanas
  11 worker ants
  A killer bee zombie (D:6)
  2 hound zombies
  A hound skeleton (D:4)
  7 gnolls
  2 howler monkey skeletons
  9 adders
  2 shadow imps
  2 white imps (Abyss:2)
  2 ufetubi (Abyss:2)
  An adder zombie (D:5)
  2 worms
  An adder skeleton (D:4)
  6 leopard geckos
  106 orcs
  A bat (D:2)
  7 giant cockroaches
  8 goblins
  9 hobgoblins
  14 jackals
  4 quokkas
  3 frilled lizards
  27 kobolds
  A leopard gecko zombie (D:9)
  A quokka zombie (D:8)
  3 rats
  A bush (Lair:6)
  A butterfly (Lair:5)
  5 fungi
  29 plants
1754 creatures vanquished.

Vanquished Creatures (collateral kills)
  An ancient lich (Vaults:5)
  An emperor scorpion (Spider:4)
  A deep elf sorcerer (Elf:3)
  A vault warden (Vaults:5)
  2 vault guards (Vaults:5)
  A two-headed ogre (Vaults:4)
  A skeletal warrior (Vaults:2)
  An ironbrand convoker (Vaults:4)
  An ugly thing (Vaults:3)
  A jumping spider (Spider:4)
  2 redbacks (Spider:4)
  2 orcs
15 creatures vanquished.

Vanquished Creatures (others)
  An ogre mage (Vaults:2)
  A vault guard (Vaults:5)
  3 humans
  115 fire vortices
  424 foxfires
  2 fungi
  8 plants
  5 starspawn tentacles (Abyss:2)
  9 tentacles (Shoals:3)
568 creatures vanquished.

Grand Total: 2337 creatures vanquished

Notes
Turn   | Place    | Note
-------+----------+-------------------------------------------
     0 | D:1      | pokeman the Deep Elf Wizard began the quest for the Orb.
     0 | D:1      | Reached XP level 1. HP: 10/10 MP: 7/7
   316 | D:1      | Found a sparkling altar of Nemelex Xobeh.
   544 | D:2      | Reached XP level 2. HP: 16/16 MP: 5/9
   718 | D:2      | Found a radiant altar of Vehumet.
   727 | D:2      | Became a worshipper of Vehumet
   786 | D:2      | Found an iron altar of Okawaru.
   787 | D:2      | Found an ancient bone altar of Kikubaaqudgha.
   787 | D:2      | Found a hazy altar of Hepliaklqana.
   790 | D:2      | Found a sparkling altar of Nemelex Xobeh.
   791 | D:2      | Found a shimmering blue altar of Sif Muna.
   792 | D:2      | Found a basalt altar of Yredelemnul.
   936 | D:2      | Reached skill level 5 in Spellcasting
   936 | D:2      | Reached XP level 3. HP: 20/20 MP: 5/11
   941 | D:2      | Learned a level 3 spell: Mephitic Cloud
   944 | D:2      | Learned a level 2 spell: Call Imp
   947 | D:2      | Learned a level 2 spell: Blink
   951 | D:2      | Learned a level 3 spell: Conjure Flame
  1547 | D:2      | Reached skill level 1 in Fighting
  1547 | D:2      | Reached skill level 1 in Armour
  2067 | D:3      | Reached XP level 4. HP: 25/25 MP: 7/13
  2716 | D:4      | Reached * piety under Vehumet
  2716 | D:4      | Offered knowledge of Freeze by Vehumet.
  2812 | D:4      | Noticed an ogre
  2829 | D:4      | Killed an ogre
  2829 | D:4      | Reached skill level 6 in Spellcasting
  2829 | D:4      | Reached skill level 1 in Fire Magic
  2829 | D:4      | Reached XP level 5. HP: 15/29 MP: 0/15
  3069 | D:4      | Found a glowing golden altar of the Shining One.
  3110 | D:4      | Got a steaming helmet
  3121 | D:4      | Identified the +2 helmet "Wimubauhul" {+Fly rF++ Regen+
                  | Stlth+} (You found it on level 4 of the Dungeon)
  3425 | D:4      | Reached XP level 6. HP: 34/34 MP: 11/17
  3516 | D:4      | Reached skill level 1 in Poison Magic
  3659 | D:4      | Reached skill level 7 in Spellcasting
  3825 | D:4      | Reached skill level 1 in Air Magic
  3825 | D:4      | Reached skill level 1 in Evocations
  3874 | D:4      | Reached XP level 7. HP: 38/38 MP: 10/20
  3887 | D:4      | Learned a level 1 spell: Foxfire
  3893 | D:4      | Learned a level 5 spell: Fireball
  4235 | D:4      | Found a staircase to the Ecumenical Temple.
  4304 | D:5      | Entered Level 5 of the Dungeon
  4511 | D:4      | Reached skill level 8 in Spellcasting
  4570 | D:5      | Offered knowledge of Sandblast by Vehumet.
  4577 | D:5      | Reached ** piety under Vehumet
  4759 | D:5      | Reached XP level 8. HP: 44/44 MP: 14/22
  4846 | D:5      | Noticed Duvessa
  4846 | D:5      | Noticed Dowan
  4857 | D:5      | Killed Duvessa
  4857 | D:5      | Reached skill level 9 in Spellcasting
  4869 | D:5      | Killed Dowan
  5330 | D:6      | Reached skill level 5 in Conjurations
  5725 | D:6      | Reached skill level 10 in Spellcasting
  5972 | D:6      | Noticed Maggie
  6011 | D:6      | Killed Maggie
  6113 | D:6      | Noticed Blork the orc
  6120 | D:6      | Killed Blork the orc
  6120 | D:6      | Reached XP level 9. HP: 48/48 MP: 19/25
  6658 | D:7      | Offered knowledge of Stone Arrow by Vehumet.
  6658 | D:7      | Reached skill level 11 in Spellcasting
  6658 | D:7      | Reached skill level 5 in Fire Magic
  6670 | D:7      | Learned a level 3 spell: Stone Arrow
  6784 | D:7      | Found a runed translucent door.
  6789 | D:7      | Noticed ew1980's ghost (novice TrFi)
  7172 | D:7      | Killed ew1980's ghost
  7276 | D:8      | Noticed Joseph
  7367 | D:8      | Noticed a two-headed ogre
  7376 | D:8      | Killed a two-headed ogre
  7376 | D:8      | Reached skill level 12 in Spellcasting
  7376 | D:8      | Reached XP level 10. HP: 22/56 MP: 6/28
  7519 | D:8      | Reached *** piety under Vehumet
  7605 | D:8      | Killed Joseph
  7844 | D:8      | Noticed Harold
  7866 | D:8      | Killed Harold
  7866 | D:8      | Reached skill level 13 in Spellcasting
  8065 | D:8      | Offered knowledge of Olgreb's Toxic Radiance by Vehumet.
  8208 | D:8      | Found a roughly hewn altar of Beogh.
  8590 | D:9      | Noticed Erica
  8742 | D:9      | Reached **** piety under Vehumet
  8849 | D:8      | Killed Erica
  8936 | D:9      | Offered knowledge of Hailstorm by Vehumet.
  9017 | D:9      | Noticed Psyche
  9025 | D:9      | Killed Psyche
  9025 | D:9      | Reached skill level 14 in Spellcasting
  9025 | D:9      | Reached XP level 11. HP: 61/61 MP: 26/31
  9428 | D:9      | Found a staircase to the Lair.
  9553 | D:9      | Found a runed translucent door.
  9566 | D:9      | Found a shimmering altar of Xom.
  9566 | D:9      | Noticed a +2 mace of chaos
  9566 | D:9      | Noticed Klatu's ghost (novice CeHu)
  9824 | D:10     | Entered Level 10 of the Dungeon
 10327 | D:10     | Noticed a two-headed ogre
 10330 | D:10     | Killed a two-headed ogre
 10800 | D:10     | Found a staircase to the Orcish Mines.
 10950 | D:11     | Reached ***** piety under Vehumet
 10950 | D:11     | Reached skill level 15 in Spellcasting
 11234 | D:11     | Offered knowledge of Starburst by Vehumet.
 11242 | D:11     | Learned a level 6 spell: Starburst
 11272 | D:11     | Reached skill level 5 in Armour
 12705 | D:12     | Noticed a six-headed hydra
 12709 | D:12     | Killed a six-headed hydra
 12712 | D:12     | Got a jewelled short sword
 12859 | D:12     | Noticed a five-headed hydra
 12878 | D:12     | Killed a five-headed hydra
 12878 | D:12     | Reached XP level 12. HP: 66/66 MP: 30/33
 13187 | D:12     | Reached skill level 16 in Spellcasting
 13436 | D:12     | Reached skill level 10 in Conjurations
 13851 | D:12     | Identified the +9 short sword of Rotation {elec, rN+ MR+
                  | Str+2} (You found it on level 12 of the Dungeon)
 14099 | D:9      | Killed Klatu's ghost
 14363 | D:13     | Found a flagged portal.
 14375 | Bailey   | Entered a bailey
 15044 | D:13     | Reached skill level 1 in Shields
 15270 | D:13     | Reached skill level 10 in Fire Magic
 15395 | D:13     | Offered knowledge of Iskenderun's Battlesphere by Vehumet.
 15402 | D:13     | Reached skill level 17 in Spellcasting
 15937 | D:14     | Noticed a tengu warrior
 15937 | D:14     | Noticed a tengu warrior
 15940 | D:14     | Killed a tengu warrior
 15943 | D:14     | Killed a tengu warrior
 15948 | D:14     | Reached XP level 13. HP: 65/70 MP: 10/36
 16464 | D:14     | Identified the +1 plate armour of Panentheism {-Tele +Fly
                  | MR+ Int+7}
 16690 | D:14     | Reached skill level 18 in Spellcasting
 16782 | D:14     | Found a gate to the Vaults.
 17305 | D:13     | You fall into a shaft and drop 2 floors!
 17305 | D:15     | Entered Level 15 of the Dungeon
 17305 | D:15     | Found a runed translucent gate.
 18084 | D:14     | Reached skill level 19 in Spellcasting
 18084 | D:14     | Reached XP level 14. HP: 76/76 MP: 36/39
 18313 | D:14     | Found the +1 cloak of Starlight {rElec rC+ EV+4 Stlth--}
 18588 | D:15     | Found a runed translucent gate.
 18589 | D:15     | Found a runed translucent gate.
 18590 | D:15     | Found an iron altar of Okawaru.
 18590 | D:15     | Noticed dreq's ghost (journeyman MiBe)
 18749 | D:15     | Learned a level 6 spell: Freezing Cloud
 18786 | D:15     | Reached skill level 5 in Fighting
 18795 | D:15     | Offered knowledge of Bolt of Magma by Vehumet.
 18802 | D:15     | Reached skill level 1 in Ice Magic
 18802 | D:15     | Reached skill level 1 in Earth Magic
 18812 | D:15     | Learned a level 5 spell: Bolt of Magma
 19513 | D:15     | Found a staircase to the Depths.
 19614 | D:15     | Killed dreq's ghost
 20057 | Temple   | Entered the Ecumenical Temple
 20199 | Lair:1   | Entered Level 1 of the Lair of Beasts
 20209 | Lair:1   | Noticed Fannar
 20215 | Lair:1   | Killed Fannar
 20638 | Lair:1   | Got a distressingly furry kite shield
 21361 | Lair:2   | Found a staircase to the Shoals.
 21399 | Lair:2   | Got a scorched helmet
 21533 | Lair:2   | Reached skill level 20 in Spellcasting
 21884 | Lair:2   | Found a runed translucent gate.
 21884 | Lair:2   | Found a runed translucent gate.
 21884 | Lair:2   | Found a runed translucent gate.
 21889 | Lair:2   | Noticed Pamiuf's ghost (journeyman KoSu)
 21891 | Lair:2   | Found a viscous altar of Jiyva.
 21907 | Lair:2   | Killed Pamiuf's ghost
 22076 | Lair:2   | Identified the +1 helmet of Incorporation {rN+ Str+6} (You
                  | found it on level 2 of the Lair of Beasts)
 22096 | Lair:2   | Identified the cursed +0 kite shield of Hireirre {rCorr
                  | Int+2 Dex-5 Slay+3} (You found it on level 1 of the Lair of
                  | Beasts)
 22276 | Lair:3   | Noticed Nergalle
 22281 | Lair:3   | Killed Nergalle
 23077 | Lair:4   | Offered knowledge of Iron Shot by Vehumet.
 23291 | Lair:4   | You fall into a shaft and drop 1 floor!
 23330 | Lair:5   | Found a frozen archway.
 23367 | Lair:5   | Reached XP level 15. HP: 81/84 MP: 41/41
 23407 | IceCv    | Entered an ice cave
 23414 | IceCv    | Found a transporter.
 23497 | IceCv    | Found a transporter.
 23753 | Lair:5   | Found a viscous altar of Jiyva.
 23761 | Lair:5   | Found a staircase to the Slime Pits.
 23816 | Lair:5   | Reached ****** piety under Vehumet
 24509 | Lair:6   | Entered Level 6 of the Lair of Beasts
 25243 | Lair:6   | Reached skill level 21 in Spellcasting
 26550 | Orc:1    | Entered Level 1 of the Orcish Mines
 26554 | Orc:1    | Offered knowledge of Conjure Ball Lightning by Vehumet.
 26554 | Orc:1    | Noticed Maurice
 26556 | Orc:1    | Killed Maurice
 27122 | Orc:2    | Entered Level 2 of the Orcish Mines
 27244 | Orc:1    | Found a roughly hewn altar of Beogh.
 27571 | Orc:2    | Found a staircase to the Elven Halls.
 27657 | Orc:2    | Offered knowledge of Ozocubu's Refrigeration by Vehumet.
 27657 | Orc:2    | Noticed an orc warlord
 27671 | Orc:2    | Killed an orc warlord
 28332 | Orc:2    | Found a roughly hewn altar of Beogh.
 28413 | Orc:2    | Found Usufax's Antique Weapon Shoppe.
 28421 | Orc:2    | Found Toasun's Antique Armour Shoppe.
 28426 | Orc:2    | Found Vuoghe's Book Shoppe.
 28434 | Orc:2    | Found Tibbilix's General Store.
 28441 | Orc:2    | Bought a scroll of fog for 30 gold pieces
 28600 | Orc:2    | Found a burning altar of Makhleb.
 28647 | Orc:2    | Found a runed translucent door.
 28651 | Orc:2    | Noticed Morgon's ghost (journeyman HaAK)
 28715 | Orc:2    | Killed Morgon's ghost
 28983 | Elf:1    | Entered Level 1 of the Elven Halls
 29090 | Elf:1    | Got an ichor-stained hand crossbow
 29237 | Elf:1    | Found Apnuug's Armour Shop.
 29280 | Elf:1    | Reached XP level 16. HP: 60/92 MP: 11/43
 29830 | Elf:1    | Identified the cursed +0 hand crossbow "Usebur" {venom,
                  | +Fly Int-5 Stlth+} (You found it on level 1 of the Elven
                  | Halls)
 29844 | Elf:2    | Reached skill level 22 in Spellcasting
 30062 | Elf:2    | Found Zuat's Gadget Shop.
 30144 | Elf:2    | Offered knowledge of Ignition by Vehumet.
 30155 | Elf:2    | Reached skill level 5 in Shields
 30566 | Elf:2    | Found a shimmering blue altar of Sif Muna.
 30742 | Elf:2    | Identified the +10 war axe of Upheaval {drain, Str+4 Int+3
                  | Dex-5}
 31242 | Elf:2    | Found a runed translucent gate.
 31245 | Elf:2    | Found a runed translucent gate.
 31256 | Elf:2    | Found a runed translucent gate.
 31426 | Shoals:1 | Entered Level 1 of the Shoals
 31772 | Shoals:1 | Got a shimmering dagger
 32005 | Shoals:1 | Identified the cursed +1 mace of the Glimmering Madman
                  | {drain, MR+ SInv}
 32015 | Shoals:1 | Identified the ring of Wucuyna {+Fly rC+ Int+4 Slay-3}
 32323 | Shoals:1 | Learned a level 1 spell: Apportation
 32461 | Shoals:1 | Learned a level 2 spell: Swiftness
 32766 | Shoals:2 | Reached skill level 1 in Charms
 33560 | Temple   | Lost strength.
 33560 | Temple   | Identified the cursed +1 dagger of Qazlal's Hatred {vorpal,
                  | rPois Str-5 Int-2 Dex+8} (You found it on level 1 of the
                  | Shoals)
 33979 | Shoals:3 | Noticed Kirke
 33982 | Shoals:3 | Killed Kirke
 34128 | Shoals:3 | Noticed a kraken
 34244 | Shoals:3 | Killed a kraken
 34244 | Shoals:3 | Reached skill level 23 in Spellcasting
 34374 | Shoals:3 | Offered knowledge of Lehudib's Crystal Spear by Vehumet.
 34374 | Shoals:3 | Offered knowledge of Chain Lightning by Vehumet.
 34374 | Shoals:3 | Offered knowledge of Tornado by Vehumet.
 34384 | Shoals:3 | Learned a level 8 spell: Lehudib's Crystal Spear
 34563 | Shoals:3 | Noticed Ilsuiw
 34780 | Shoals:3 | Killed Ilsuiw
 34780 | Shoals:3 | Reached XP level 17. HP: 96/96 MP: 23/46
 35126 | Shoals:4 | Entered Level 4 of the Shoals
 35195 | Shoals:4 | Reached skill level 15 in Conjurations
 36069 | Shoals:4 | Got a polished halberd
 36501 | Shoals:4 | Reached skill level 15 in Fire Magic
 37149 | Shoals:4 | Identified the Grimoire of Evil Malediction
 37271 | Shoals:4 | Got a barnacled rune of Zot
 37636 | Lair:4   | Found a hole to the Spider Nest.
 37979 | Lair:4   | Reached skill level 24 in Spellcasting
 38290 | Spider:1 | Entered Level 1 of the Spider Nest
 38433 | Spider:1 | Noticed Agnes
 38537 | Lair:4   | Killed Agnes
 38675 | Spider:1 | Noticed Josephine
 38677 | Spider:1 | Killed Josephine
 38899 | Spider:1 | Learned a level 7 spell: Orb of Destruction
 39072 | Spider:1 | Noticed Aizul
 39089 | Spider:1 | Killed Aizul
 39513 | Spider:1 | Noticed Frances
 39522 | Spider:1 | Killed Frances
 39522 | Spider:1 | Reached XP level 18. HP: 101/101 MP: 30/48
 40046 | Vaults:1 | Entered Level 1 of the Vaults
 40443 | Vaults:1 | Found Ryurghu's Weapon Shoppe.
 40498 | Vaults:1 | Cast into level 2 of the Abyss (a deep elf demonologist)
 40638 | Abyss:2  | Noticed a profane servitor
 40651 | Abyss:2  | Found a corrupted altar of Lugonu.
 41019 | Vaults:1 | Escaped the Abyss
 41359 | Vaults:1 | Reached skill level 25 in Spellcasting
 41398 | Vaults:1 | Found Okkauh's Distillery.
 41457 | Vaults:1 | Bought a potion of magic for 112 gold pieces
 41540 | Vaults:1 | Found Uthaoniz's Distillery.
 41671 | Vaults:1 | Found Zoujis's Book Shoppe.
 41677 | Vaults:1 | Bought a book of Annihilations for 1876 gold pieces
 41688 | Vaults:1 | Learned a level 9 spell: Fire Storm
 43416 | Vaults:2 | Found Lienkex's Weapon Shop.
 43417 | Vaults:2 | Found Wisadghil's Gadget Boutique.
 43527 | Vaults:2 | Reached XP level 19. HP: 108/108 MP: 18/50
 43718 | Vaults:2 | Found Kin Tuy's Antique Weapon Emporium.
 44001 | Vaults:2 | HP: 4/108 [vault warden/bolt (21)]
 44581 | Vaults:2 | Found Bigosma's Gadget Boutique.
 44824 | Vaults:2 | Identified the Grimoire of Fire
 44923 | Vaults:2 | Found a staircase to the Crypt.
 44923 | Vaults:2 | Found a basalt altar of Yredelemnul.
 44924 | Vaults:2 | Found an ancient bone altar of Kikubaaqudgha.
 44969 | Vaults:2 | Reached skill level 26 in Spellcasting
 45384 | Vaults:2 | You fall into a shaft and drop 2 floors!
 46041 | Vaults:2 | Identified the Catalogue of Translocation
 46635 | Vaults:3 | Learned a level 1 spell: Summon Butterflies
 46962 | Vaults:3 | Found Pearype's Armour Shop.
 48190 | Temple   | Identified the cursed +2 halberd of Death's Door {vorpal,
                  | rPois Dex+3} (You found it on level 4 of the Shoals)
 48227 | Temple   | Identified a scroll of acquirement
 48234 | Temple   | Acquired the +0 pair of boots of Dedesi {Int+3}
 48736 | Elf:2    | Reached XP level 20. HP: 113/113 MP: 41/52
 49630 | Elf:3    | Entered Level 3 of the Elven Halls
 50322 | Elf:3    | Cast into level 3 of the Abyss (a deep elf demonologist)
 50333 | Elf:3    | Escaped the Abyss
 50391 | Elf:3    | Reached skill level 27 in Spellcasting
 50639 | Elf:3    | Identified the +1 shadow dragon scales of Zin's Envy
                  | {Regen+ Stlth++++}
 50643 | Elf:3    | Identified the ring "Tipajage" {rC+ Str+2 SInv}
 51198 | Elf:3    | Identified the +9 trident of Bile {drain, MR+++ Str-2 Int+2
                  | Stlth+}
 51239 | Elf:3    | Got a twisted hand axe
 51381 | Elf:3    | Got a steaming short sword
 51505 | Elf:3    | Identified the Volume of Creative Snow
 51585 | Elf:3    | Got an ichor-stained rapier
 51587 | Elf:3    | Got a fine hunting sling
 51842 | Temple   | Identified the +9 hunting sling "Jeoli" {venom, rC+ Str+3
                  | Dex-4} (You found it on level 3 of the Elven Halls)
 51843 | Temple   | Identified the +5 rapier of Nightmares {vorpal, +Blink
                  | Int+2 Dex+4} (You found it on level 3 of the Elven Halls)
 51844 | Temple   | Identified the +4 short sword "Lidducec" {vamp, rC++ Dex+4}
                  | (You found it on level 3 of the Elven Halls)
 51845 | Temple   | Identified the +7 hand axe "Balut" {vorpal, Stlth+} (You
                  | found it on level 3 of the Elven Halls)
 52106 | Depths:1 | Entered Level 1 of the Depths
 53258 | Spider:3 | Reached skill level 5 in Dodging
 53259 | Spider:3 | Noticed Jorgrun
 53262 | Spider:3 | Killed Jorgrun
 53579 | Spider:3 | Noticed Bai Suzhen
 53582 | Spider:3 | Killed Bai Suzhen
 54200 | Spider:3 | Noticed Arachne
 54203 | Spider:3 | Killed Arachne
 54619 | Spider:4 | Entered Level 4 of the Spider Nest
 54619 | Spider:4 | Identified Roxanne's Guide on Earth
 54619 | Spider:4 | Noticed Roxanne
 54633 | Spider:4 | Killed Roxanne
 54639 | Spider:3 | Reached XP level 21. HP: 105/118 MP: 17/54
 55493 | Spider:4 | Noticed Louise
 55504 | Spider:4 | Killed Louise
 55950 | Spider:4 | Got a gossamer rune of Zot
 57155 | Vaults:4 | Reached skill level 10 in Dodging
 58083 | Vaults:4 | Reached skill level 10 in Armour
 58146 | Vaults:4 | Got a masterwork hand axe
 58238 | Vaults:4 | Found Qeimpeepn's Antique Armour Shop.
 58263 | Vaults:4 | Bought a pair of glowing gloves for 292 gold pieces
 58275 | Vaults:4 | Bought a pair of embroidered gloves for 292 gold pieces
 58904 | Vaults:5 | Entered Level 5 of the Vaults
 58982 | Vaults:5 | Reached XP level 22. HP: 124/124 MP: 55/55
 59091 | Vaults:5 | Identified the +7 dagger of Sixzy {pain, *Drain +Fly rElec
                  | Str+4}
 59102 | Vaults:5 | Noticed an ancient lich
 59102 | Vaults:5 | Noticed a golden dragon
 59105 | Vaults:5 | Killed a golden dragon
 59108 | Vaults:5 | Noticed Frederick
 59111 | Vaults:5 | Killed an ancient lich
 59124 | Vaults:5 | HP: 4/125 [acid (7)]
 59137 | Vaults:5 | Identified the ring "Beth" {MP+9 Dex+6}
 59142 | Vaults:5 | Killed from afar by a deep elf annihilator

Illustrated notes

Levels and vault maps discovered:
D:1:      lemuel_arrival_river_ford, layout_rooms,
          nemelex_xobeh_ov_fountains_minmay
D:2:      layout_basic, minitemple
D:3:      layout_loops_ring, first_ration
D:4:      layout_gridville, lemuel_doored_altar, minmay_temple_entry_poolview,
          minmay_misc_feat_diagonals, chequers_serial_rivers_marsh,
          grunt_decor_fettered, minmay_pentomino_pile
D:5:      layout_cave_pools, uniq_duvessa
D:6:      layout_loops_corners, item_on_display_a, uniq_maggie,
          uniq_blork_the_orc
D:7:      layout_rooms, ebering_ghost_inner_flame, hangedman_glass_teeth
D:8:      layout_loops_ring, special_room [special_room_orc], uniq_joseph,
          uniq_harold
D:9:      layout_cave_pools, erik_lair_island, ebering_ghost_xom, uniq_erica,
          uniq_psyche
D:10:     layout_roguey, hiddenorc1_lemuel
D:11:     layout_layer_cave
D:12:     layout_basic
D:13:     layout_rooms, enter_bailey_3
D:14:     layout_cave_pools, ximxim_vaults_locker_room, minmay_misc_feat_x,
          special_room [special_room_mythical_zoo], blue_anna_alchemist
          [blue_anna_fruit_fields, blue_anna_fruit_fields], minmay_lindwurm_lava
D:15:     grunt_enter_depths_hoard, layout_long_grid,
          gammafunk_ghost_fury_of_okawaru, ebering_dispersal_statue_hall,
          drop_trap, argonaut_gorgonesque
Temple:   eino_temple_lava
Lair:1:   layout_misc_corridors, cheibrodos_lair_lostbears, uniq_fannar
Lair:2:   layout_roguey, minmay_shoals_entry_beasts, gammafunk_ghost_ooze
Lair:3:   layout_roguey, uniq_nergalle
Lair:4:   layout_regular_city, spider_nest_entry_a, infiniplex_staircase_pool,
          grunt_megastairs_4
Lair:5:   layout_regular_city, slime_altar_1,
          portal_ice_cave_entry_animals_and_master, lemuel_fruit_fields,
          grunt_megastairs_2
Lair:6:   guppyfry_lair_end_dragon, layout_small_grid,
          minmay_lair_oklob_chamber, grunt_megastairs_1, serial_bayou_shore_a
Shoals:1: layout_shoals
Shoals:2: layout_shoals
Shoals:3: layout_shoals, uniq_ilsuiw, uniq_kirke
Shoals:4: shoals_end_hangedman, layout_shoals
Spider:1: layout_spider_delve, uniq_agnes, uniq_aizul, uniq_josephine,
          uniq_frances
Spider:2: layout_spider_delve
Spider:3: layout_spider_delve, uniq_jorgrun, uniq_bai_suzhen, uniq_arachne
Spider:4: grunt_spider_rune_parallel, uniq_louise, uniq_roxanne
Orc:1:    layout_diamond_mine, basic_altar, nicolae_orc_pool_cavern,
          uniq_maurice
Orc:2:    grunt_orc_cross, layout_caves, gammafunk_ghost_grave, bloody_makhleb
Elf:1:    layout_loops_cross, serial_shops, shop, hangedman_elf_represent,
          st_stairs_8
Elf:2:    layout_geoelf_grid, basic_altar, serial_shops, shop_fountains,
          amethyst_killhole, kb_rosetta
Elf:3:    grunt_elf_hall_branching, layout_geoelf_castle, glass_columns_c,
          nicolae_elf_big_sculpture_3
Vaults:1: ontoclasm_vaults_ring_small, v_pattern_4, hangedman_vaults_variations,
          hangedman_vaults_hard_town_square,
          hangedman_vaults_stretched_pinwheel, v_misc_26, v_rooms_5,
          nicolae_vaults_yaktaur_gun_rack, vaults_room_octagon,
          vaults_mumra_lcd, nicolae_vaults_sealed_display,
          nicolae_vaults_little_squares_3, layout_vaults_big_room, serial_shops,
          shop
Vaults:2: v_alt_pattern_1, nicolae_vaults_mini_display_case,
          nicolae_vaults_little_squares_5, v_misc_12, vaults_room_pool,
          vaults_dpeg_doors, v_alt_pattern_1, nicolae_vaults_shelves_hall,
          nicolae_vaults_little_ls, hangedman_vaults_maws,
          ontoclasm_vaults_pinch, minmay_crypt_entry_necro_gods, v_misc_4,
          vaults_room_stairs_pillars, vaults_dpeg_encased_lava,
          nicolae_vaults_what_the_h, nicolae_vaults_theta,
          layout_vaults_omnicross, serial_hangedman_research,
          hangedman_research_quantum, hangedman_research_pyrotechnics,
          serial_shops, shop, shop_fountains, shop, shop
Vaults:3: v_misc_24, serial_ice_h, v_alt_pattern_5,
          nicolae_vaults_little_squares_3, nicolae_vaults_asterisk,
          hangedman_vaults_corner, vaults_room_corners, dpeg_vaults_monster_box,
          v_misc_25, nicolae_vaults_ninety_degrees, vaults_room_semicircle,
          vaults_dpeg_ring, nicolae_vaults_little_squares_3,
          layout_vaults_omnigrid, serial_shops, shop
Vaults:4: vaults_room_door_hall, v_alt_pattern_6, v_rooms_1,
          hangedman_vaults_nodes, nicolae_vaults_triangles, v_misc_30,
          vaults_room_octagon, v_alt_pattern_1, vaults_room_pool,
          nicolae_vaults_quartermaster, vaults_dpeg_hooks,
          ontoclasm_vaults_decontamination, layout_vaults_omnibox, serial_shops,
          nicolae_shop_crystal
Vaults:5: uniq_frederick
Depths:1: layout_cave_pools, nicolae_abyss_entry_one_way_or_another,
          grunt_decor_cap, lightli_too_deep, minivault_15, evilmike_butchery

Skill      XL: |  1  2  3  4  5  6  7  8  9 10 11 12 13 14 15 16 17 18 19 20 21 22 |
---------------+-------------------------------------------------------------------+-----
Spellcasting   | 5 6 7 8 10 12 14 15 17 19 20 21 23 24 25 26 27 | 27.0
Conjurations   | 2 3 4 5 7 8 9 10 12 13 14 15 16 17 19 20 | 20.9
Fighting       | 1 2 3 4 6 7 8 9 |  9.3
Armour         | 1 2 3 5 6 7 8 9 10 | 10.0
Dodging        | 3 7 12 13 | 13.3
Fire Magic     | 1 2 4 6 7 9 10 11 12 13 14 15 16 17 18 19 | 19.1
Stealth        | 3 |  3.0
Poison Magic   | 1 |  1.0
Air Magic      | 1 |  1.2
Evocations     | 1 2 3 |  3.0
Shields        | 2 4 6 7 8 9 |  9.0
Ice Magic      | 1 |  1.0
Earth Magic    | 1 |  1.0
Charms         | 2 |  2.0
Summonings     | |  1.1
Translocations | |  1.1

Action                   |  1- 3 |  4- 6 |  7- 9 | 10-12 | 13-15 | 16-18 | 19-21 | 22-24 || total
-------------------------+-------+-------+-------+-------+-------+-------+-------+-------++-------
Melee: Unarmed           |     5 |       |       |       |       |       |       |       ||     5
       Dagger            |       |    14 |     6 |       |       |       |       |       ||    20
       Short sword       |       |       |    38 |   126 |    40 |     2 |       |       ||   206
       Flail             |       |       |     5 |       |       |       |       |       ||     5
       War axe           |       |       |       |       |       |    16 |    13 |     2 ||    31
 Cast: Magic Dart        |    83 |    99 |    26 |    62 |       |       |     1 |       ||   271
       Mephitic Cloud    |       |     4 |    27 |    28 |     7 |     9 |     7 |     1 ||    83
       Conjure Flame     |       |     3 |    15 |     9 |     5 |     1 |       |       ||    33
       Foxfire           |       |       |   127 |    85 |    31 |       |       |       ||   243
       Blink             |       |       |     4 |     5 |    14 |    18 |    10 |     8 ||    59
       Call Imp          |       |       |     5 |    11 |    13 |     7 |     3 |       ||    39
       Stone Arrow       |       |       |     5 |     7 |     8 |     1 |     4 |       ||    25
       Fireball          |       |       |     2 |   173 |   468 |   557 |   435 |     2 ||  1637
       Starburst         |       |       |       |    10 |    10 |     3 |       |       ||    23
       Bolt of Magma     |       |       |       |       |     8 |    83 |     4 |       ||    95
       Freezing Cloud    |       |       |       |       |     9 |    21 |    10 |       ||    40
       Orb of Destructio |       |       |       |       |       |     2 |    14 |       ||    16
       Lehudib's Crystal |       |       |       |       |       |     4 |    42 |     6 ||    52
       Fire Storm        |       |       |       |       |       |       |   108 |    11 ||   119
       Swiftness         |       |       |       |       |       |       |     3 |     2 ||     5
Evoke: Wand              |       |       |       |       |     7 |     7 |     1 |     1 ||    16
       Box of beasts     |       |       |       |       |     1 |     2 |       |       ||     3
       Tin of tremorston |       |       |       |       |       |       |     1 |       ||     1
  Use: Scroll            |       |       |       |    20 |    13 |     7 |     6 |     3 ||    49
       Potion            |       |       |       |     2 |       |     2 |       |     2 ||     6
 Stab: Confused          |       |       |     5 |     8 |     2 |       |       |       ||    15
       Sleeping          |       |       |       |     1 |       |       |       |       ||     1
  Eat: Chunk             |     3 |     6 |    10 |    21 |    38 |    37 |    38 |     1 ||   154
       Ration            |       |       |       |     2 |     1 |     2 |     3 |       ||     8
Armor: Leather armour    |     7 |     8 |    12 |       |       |       |       |       ||    27
       Acid dragon scale |       |       |     8 |    68 |    36 |    65 |    59 |     6 ||   242
Dodge: Dodged            |    22 |    19 |    57 |    96 |    60 |   138 |    76 |    27 ||   495
Block: Buckler           |       |       |       |       |    39 |    88 |    58 |    18 ||   203
       Reflection        |       |       |       |       |    11 |    15 |    11 |     2 ||    39
